 Dungeon Crawl Stone Soup version 0.31-a0-1522-g43313d8a59 (webtiles) character file.

Game seed: 11352539071490146775

36 Flugkiller the Apothecary (level 3, -1/21 HPs)
             Began as an Octopode Alchemist on Dec 30, 2023.
             Slain by an orc priest
             ... wielding a +0 dagger
              (3 damage)
             ... on level 2 of the Dungeon.
             The game lasted 00:01:57 (380 turns).

Flugkiller the Apothecary (Octopode Alchemist)       Turns: 380, Time: 00:01:58

Health: -1/21      AC:  1    Str:  7    XL:     3   Next: 37%
Magic:  2/6        EV: 13    Int: 19    God:
Gold:   43         SH:  0    Dex: 12    Spells: 6/7 levels left

rFire   . . .        e - +0 dagger (venom)
rCold   . . .        (no shield)
rNeg    . . .        (helmet restricted)
rPois   .            (no amulet)
rElec   .            (no ring)
rCorr   .            (no ring)
SInv    .            (no ring)
Will    .....        (no ring)
Stlth   +++          (no ring)
HPRegen 0.23/turn    (no ring)
MPRegen 0.10/turn    (no ring)
                     (no ring)

%: no passive effects
@: no status effects
A: almost no armour, amphibious, 8 rings, camouflage 1, gelatinous body 1,
(nimble swimmer 1), tentacles
a: no special abilities


You were on level 2 of the Dungeon.
You visited 1 branch of the dungeon, and saw 2 of its levels.

You collected 43 gold pieces.

Inventory:

Hand Weapons
 b - a +0 dagger
   (You took it off a goblin on level 1 of the Dungeon)
 d - a +0 quarterstaff
   (You found it on level 1 of the Dungeon)
 e - a +0 dagger of venom (weapon)
   (You took it off a goblin on level 1 of the Dungeon)
Talismans
 h - a blade talisman
   (You found it on level 2 of the Dungeon)
Scrolls
 c - a scroll of blinking {unknown}
 f - a scroll of enchant weapon {unknown}
 i - a scroll of teleportation {unknown}
Potions
 a - a potion of magic
 g - a potion of attraction {unknown}


   Skills:
 - Level 2.0 Dodging
 - Level 2.6 Stealth
 + Level 2.5 Spellcasting
 - Level 1.0 Conjurations
 * Level 4.3 Alchemy


You had 6 spell levels left.
You knew the following spells:

 Your Spells              Type           Power      Damage    Failure   Level
a - Sting                 Conj/Alch      48%        1d6       5%          1

Your spell library contained the following spells:

 Spells                   Type           Power      Damage    Failure   Level
 Mercury Vapours          Alch/Air       20%        N/A       10%         2
 Mephitic Cloud           Conj/Alch/Air  9%         N/A       22%         3
 Ensorcelled Hibernation  Hex/Ice        4%         N/A       24%         2
 Olgreb's Toxic Radiance  Alch           19%        N/A       26%         4
 Fugue of the Fallen      Necr           2%         N/A       43%         3
 Sticky Flame             Fire/Alch      10%        2d5       54%         4
 Anguish                  Hex/Necr       1%         N/A       85%         4


Dungeon Overview and Level Annotations

Branches:
Dungeon (2/15) Zot: 11618

Altars:
Sif Muna

Shops:
D:2 *


Innate Abilities, Weirdness & Mutations

You cannot wear most types of armour.
You are amphibious.
You can wear up to eight rings at the same time.
Your skin changes colour to match your surroundings (Stealth+).
Your rubbery body absorbs attacks. (AC +1, EV +1)
((You are camouflaged when in or above water. (Stealth+)))
You have tentacles for arms and can constrict up to eight enemies at once.


Message History

There is a stone staircase leading down here.
You climb downwards.
There is a stone staircase leading up here.
You see here a ball python corpse.
Things that are here:
a +0 long sword; a rat corpse; a bat corpse A goblin comes into view.
It is wielding a +0 dagger.
Unknown command.
Casting: Sting (safe; 5% risk of failure)
Confirm with . or Enter, or press ? or * to list all spells.
Aiming: Sting (safe; 5% risk of failure)
Press: ? - help, Shift-Dir - straight line, f - goblin
Aim: a goblin, wielding a +0 dagger (64% to hit)
The sting hits the goblin.
The goblin is poisoned.
You kill the goblin!
The orc shouts!
Unknown command.
Found 10 gold pieces.
You see here 11 gold pieces.
Casting: Sting (safe; 5% risk of failure)
Confirm with . or Enter, or press ? or * to list all spells.
Aiming: Sting (safe; 5% risk of failure)
Press: ? - help, Shift-Dir - straight line, f - orc
Aim: an orc, wielding a +0 short sword (71% to hit)
The sting misses the orc.
You now have 42 gold pieces (gained 11).
The orc closely misses you.
A dart slug comes into view.
You hit the orc but do no damage.
The orc is poisoned.
Your grab misses the orc. The orc hits you with a +0 short sword.
You hit the orc.
The orc looks as sick as possible!
You grab the orc.
The orc is heavily wounded.
You constrict the orc. The orc barely misses you.
You hit the orc.
You kill the orc!
Found a +0 dagger.
The dart slug launches a dart at you. The slug dart misses you.
Casting: Sting (safe; 5% risk of failure)
Confirm with . or Enter, or press ? or * to list all spells.
Aiming: Sting (safe; 5% risk of failure)
Press: ? - help, Shift-Dir - straight line, f - dart slug
Aim: a dart slug (100% to hit)
The sting hits the dart slug.
The dart slug is poisoned.
The dart slug is moderately wounded.
You kill the dart slug!
Things that are here:
a +0 dagger; a goblin corpse You see here a +0 short sword.
You now have 43 gold pieces (gained 1).
An orc priest is nearby!
Unknown command.
Casting: Sting (safe; 5% risk of failure)
Confirm with . or Enter, or press ? or * to list all spells.
Aiming: Sting (safe; 5% risk of failure)
Press: ? - help, Shift-Dir - straight line, f - orc priest
Aim: an orc priest, wielding a +0 dagger and wearing a +0 ring mail (wandering, hasn't noticed you, 75% to hit)
The sting misses the orc priest.
The orc priest shouts!
Casting: Sting (safe; 5% risk of failure)
Confirm with . or Enter, or press ? or * to list all spells.
Aiming: Sting (safe; 5% risk of failure)
Press: ? - help, Shift-Dir - straight line, f/p - orc priest
Aim: an orc priest, wielding a +0 dagger and wearing a +0 ring mail (75% to hit)
The sting hits the orc priest.
The orc priest is poisoned.
The orc priest is lightly wounded.
The orc priest begins to cast a cantrip, but forgets the words!
Casting: Sting (safe; 5% risk of failure)
Confirm with . or Enter, or press ? or * to list all spells.
Aiming: Sting (safe; 5% risk of failure)
Press: ? - help, Shift-Dir - straight line, f/p - orc priest
Aim: an orc priest, wielding a +0 dagger and wearing a +0 ring mail (lightly wounded, poisoned, 75% to hit)
The sting hits the orc priest but does no damage.
The orc priest looks even sicker.
The orc priest is lightly wounded.
The orc priest begins to cast a cantrip, but forgets the words!
Casting: Sting (safe; 5% risk of failure)
Confirm with . or Enter, or press ? or * to list all spells.
Aiming: Sting (safe; 5% risk of failure)
Press: ? - help, Shift-Dir - straight line, f/p - orc priest
Aim: an orc priest, wielding a +0 dagger and wearing a +0 ring mail (lightly wounded, very poisoned, 75% to hit)
The sting hits the orc priest but does no damage.
The orc priest looks even sicker.
The orc priest is lightly wounded.
The orc priest mumbles some strange prayers to Beogh against you.
Pain shoots through your body!
Ouch! That really hurt!
The orc priest invokes the aid of Beogh against you.
Pain shoots through your body!
* * * LOW HITPOINT WARNING * * *
You closely miss the orc priest. You grab the orc priest.
The orc priest is heavily wounded.
You constrict the orc priest, but do no damage.
The orc priest completely misses you.
You hit the orc priest.
The orc priest looks as sick as possible!
The orc priest is severely wounded.
You constrict the orc priest, but do no damage.
The orc priest hits you with a +0 dagger.
You die...

. #.........# ..##.........#
...............##
.#####..........#####
..#......).......)..##
..........)....###...
..(.............#..###..
.................o....#
............#...@...#
........#.#.#.......#
........#.#.#.......#
...)..#.#.#.#.......#.######....
#....##.#.#.#.......#.........$#
#.....#.#.#.#.......#..........#
#†#.......#.#.......#......._..##
#.#.###..) ##.....##...........#
#.#.# .....###.⌠.###.... .....


You could see an orc priest (extremely poisoned).

Vanquished Creatures
  A dart slug (D:2)
  2 ribbon worms (D:2)
  An orc (D:2)
  3 ball pythons
  3 bats
  3 endoplasms (D:1)
  3 goblins
  A hobgoblin (D:1)
  2 jackals (D:1)
  2 kobolds
  A quokka (D:2)
  A frilled lizard (D:1)
  3 rats
26 creatures vanquished.

Notes
Turn   | Place    | Note
-------+----------+-------------------------------------------
     0 | D:1      | Flugkiller the Octopode Alchemist began the quest for the
                  | Orb.
     0 | D:1      | Reached XP level 1. HP: 11/11 MP: 3/3
    67 | D:1      | Reached XP level 2. HP: 13/17 MP: 0/5
   135 | D:2      | Found a shimmering blue altar of Sif Muna.
   137 | D:2      | Found Repiskee's Assorted Antiques.
   161 | D:2      | Reached skill level 4 in Alchemy
   252 | D:2      | Reached XP level 3. HP: 21/21 MP: 2/6
   380 | D:2      | Slain by an orc priest

Illustrated notes

Levels and vault maps discovered:
D:1:      scummos_arrival_forest, layout_basic
D:2:      cheibrodos_pilgrimage, layout_rooms, serial_shops, shop, basic_altar,
          uniq_jessica

Skill      XL: |  1  2 |
---------------+-------+-----
Alchemy        | 4 |  4.3
Dodging        | |  2.0
Stealth        | |  2.6
Spellcasting   | |  2.5
Conjurations   | |  1.0

Action                     || total
---------------------------++-------
  Melee: Dagger            ||    24
         Constrict         ||    10
         Tentacles         ||     7
         Quarterstaff      ||     6
   Cast: Sting             ||    33
 Armour: Skin              ||    15
  Dodge: Dodged            ||    28

Table legend: (Time is in decaauts)
 A = Elapsed time spent in this place.
 B = Non-inter-level travel time spent in this place.
 C = Inter-level travel time spent in this place.
 D = Time resting spent in this place.
 E = Time spent auto-exploring this place.
 F = Levels seen in this place.
 G = Mean time per level.
                   A        B        C        D        E       F      G
               +--------+--------+--------+--------+--------+-----+--------+
         Total |    380 |    356 |     24 |      0 |      0 |   2 |  190.0 |
       Dungeon |    380 |    356 |     24 |      0 |      0 |   2 |  190.0 |
               +--------+--------+--------+--------+--------+-----+--------+

Top non-repeatable levels by time:
     D:2: 221 daAuts
     D:1: 159 daAuts
